 Dungeon Sprint DCSS version 0.23.2-1-ga50397a6bc (webtiles) character file.

Game seed: 9122352494991808159

3922 Kobolds4U the Severer (level 10, -18/99 (103) HPs)
             Began as a Minotaur Berserker on May 20, 2019.
             Was a High Priest of Trog.
             Demolished by a skeletal warrior
             ... wielding a +0 dire flail
              (25 damage)
             ... in the Dungeon (Sprint II: "The Violet Keep of Menkaure").
             The game lasted 00:06:28 (808 turns).

Kobolds4U the Severer (Minotaur Berserker)           Turns: 808, Time: 00:06:29

HP:   -18/99 (103)  AC:  9    Str: 19    XL:     10   Next: 1%
MP:   9/9           EV: 20    Int:  4    God:    Trog [*****.]
Gold: 310           SH:  0    Dex: 14    Spells: 9/9 levels left

rFire    . . .     SeeInvis .   a - +0 hand axe
rCold    . . .     Gourm    .   (no shield)
rNeg     . . .     Faith    .   b - +0 animal skin
rPois    .         Spirit   .   k - +2 hat
rElec    .         Reflect  .   (no cloak)
rCorr    .         Harm     .   n - +1 pair of gloves
MR       ++...     NoTele   +   o - +2 pair of boots {run}
Stlth    +.........             (no amulet)
HPRegen  1.26/turn              (no ring)
MPRegen  0.11/turn              (no ring)

@: berserk cooldown, regenerating, slowed, very slow
A: retaliatory headbutt, horns 2, weak 1, subdued magic 1
a: Berserk, Trog's Hand, Brothers in Arms, Renounce Religion


You were in the Dungeon.
You worshipped Trog.
Trog was extremely pleased with you.
You were very hungry.

You visited 1 branch You collected 972 gold pieces.
You spent 662 gold pieces at shops.

Inventory:

Hand Weapons
 a - a +0 hand axe (weapon)
Armour
 b - a +0 animal skin (worn)
 k - a +2 hat (worn)
 n - a +1 pair of gloves (worn)
 o - a +2 pair of boots of running (worn)
Scrolls
 i - a scroll of blinking
Potions
 d - a potion of curing
 e - a potion of heal wounds
 f - a potion of haste
 g - 2 potions of magic
 h - a potion of berserk rage
 l - a potion of degeneration
 m - a potion of lignification {unknown}
Comestibles
 c - a ration
 j - 4 chunks of flesh


   Skills:
 + Level 14.0 Fighting
 * Level 18.3 Axes
 - Level 2.4 Armour
 + Level 12.8 Dodging


You had 9 spell levels left.
You didn't know any spells.
Your spell library was empty.

Dungeon Overview and Level Annotations

Branches:
Dungeon (1/1)

Altars:

Shops:
D :([}=![?!=%:?![(

Annotations:
D exclusions: ice statue and oklob plant


Innate Abilities, Weirdness & Mutations

You reflexively headbutt those who attack you in melee.
You have a pair of horns on your head.
You are weak. (Str -2)
Your spells are a little easier to cast, but a little less powerful.


Message History

The centaur warrior is heavily wounded.
You hit the skeletal warrior but do no damage.
The centaur warrior closely misses you. You furiously retaliate!
You headbutt the centaur warrior. The skeletal warrior barely misses you.
You hit the centaur warrior. You headbutt the centaur warrior!
The centaur warrior is almost dead.
You hit the skeletal warrior but do no damage.
The centaur warrior barely misses you.
You are feeling very hungry.
You barely miss the centaur warrior.
The centaur warrior is almost dead.
You hit the skeletal warrior. The centaur warrior closely misses you.
The skeletal warrior hits you with a +0 dire flail!!
* * * LOW HITPOINT WARNING * * *
You hit the centaur warrior but do no damage.
The centaur warrior is almost dead.
You hit the skeletal warrior but do no damage.
The centaur warrior completely misses you.
The skeletal warrior hits you with a +0 dire flail!!
You die...

********************** *,,
*,,,,,,+,,*∩,∩∩∩+,+,,***,,
*,,,,,,*,,*******,****,,,,
*+******+**,,****+****,,,,
*∩∩∩∩∩∩*,,+,**≈≈≈≈≈≈≈**⌠,,
*∩∩∩∩∩∩*,,***≈≈≈≈≈≈≈≈≈**,,
*****####K,+≈≈≈≈≈,≈≈≈≈≈**+
*,,,*#.5c####≈≈≈≈≈≈≈≈≈**≈,
*,,,,#$Yz@.≈##≈≈≈≈≈≈≈**,≈,
############≈≈#+++#+++*****
###########≈≈≈......,,,*,,+
##....∩.∩.#≈≈≈≈.##+#*,,*,,*
##...∩.∩..#≈≈≈≈###.###,****
##..∩.∩...#≈≈≈≈#..#..#,,,,*
##.⌠.∩....#≈≈####.#.####,,*
##..∩.∩...#≈##.###'###.##,,
##...∩.∩..#÷#.#.##.##...#,,


You could see an elephant, a skeletal warrior, a centaur warrior and an
ufetubus.

Vanquished Creatures
  Kirke (D)
  A yaktaur captain (D)
  A great orb of eyes (D)
  4 neqoxecs (D)
  4 necrophages (D)
  A crocodile (D)
  4 worker ants (D)
  A hell rat (D)
  3 worms (D)
20 creatures vanquished.

Vanquished Creatures (others)
  Menkaure (D)
  A crocodile (D)
2 creatures vanquished.

Grand Total: 22 creatures vanquished

Notes
Turn   | Place    | Note
-------+----------+-------------------------------------------
     0 | D        | Kobolds4U the Minotaur Berserker began the quest for the
                  | Orb.
     0 | D        | Reached XP level 1. HP: 19/19 MP: 0/0
     1 | D        | Noticed a worker ant
     1 | D        | Noticed a worker ant
     1 | D        | Noticed a worker ant
     1 | D        | Noticed a worker ant
     4 | D        | Killed a worker ant
     4 | D        | Reached skill level 5 in Fighting
     4 | D        | Reached skill level 6 in Axes
     4 | D        | Reached XP level 2. HP: 28/29 MP: 1/1
     6 | D        | Reached skill level 7 in Axes
     6 | D        | Reached XP level 3. HP: 35/36 MP: 2/2
     7 | D        | Killed a crocodile
     8 | D        | Reached ** piety under Trog
     8 | D        | Reached XP level 4. HP: 35/44 MP: 3/3
     9 | D        | Reached skill level 8 in Axes
     9 | D        | Reached skill level 5 in Dodging
    26 | D        | Killed Menkaure
   162 | D        | Noticed a neqoxec
   162 | D        | Noticed a neqoxec
   162 | D        | Noticed a neqoxec
   162 | D        | Noticed a neqoxec
   166 | D        | Gained mutation: Your spells are a little easier to cast,
                  | but a little less powerful. [a neqoxec]
   167 | D        | Killed a neqoxec
   167 | D        | Reached skill level 10 in Axes
   167 | D        | Reached XP level 5. HP: 53/53 MP: 4/4
   173 | D        | Killed a neqoxec
   173 | D        | Reached skill level 11 in Axes
   173 | D        | Reached XP level 6. HP: 38/62 MP: 5/5
   174 | D        | Gained mutation: You are weak. (Str -2) [a neqoxec]
   175 | D        | Killed a neqoxec
   175 | D        | Reached *** piety under Trog
   175 | D        | Reached skill level 12 in Axes
   176 | D        | Killed a neqoxec
   176 | D        | Reached skill level 10 in Fighting
   176 | D        | Reached skill level 13 in Axes
   176 | D        | Reached XP level 7. HP: 36/72 MP: 6/6
   367 | D        | Reached **** piety under Trog
   436 | D        | Reached skill level 14 in Axes
   440 | D        | Reached ***** piety under Trog
   659 | D        | Noticed an ice statue
   664 | D        | Found Yllei's Antique Weapon Shop.
   665 | D        | Found Ucoxzakk's Antique Armour Boutique.
   666 | D        | Found Raekoll's Magic Scroll Boutique.
   666 | D        | Found Ximp's Book Shop.
   667 | D        | Found Saughut's Jewellery Shop.
   667 | D        | Found Reyt's Distillery.
   668 | D        | Found Toptej's Distillery.
   668 | D        | Found Cukaqext's Jewellery Shop.
   668 | D        | Found Xilikod's Magic Scroll Shop.
   669 | D        | Found Ritzy's Antique Armour Shop.
   669 | D        | Found Vutrus's Antique Weapon Boutique.
   669 | D        | Found Zuadas's Food Shop.
   669 | D        | Found Ulonis's Gadget Boutique.
   670 | D        | Found Astrap's Distillery.
   670 | D        | Found Sappyxie's Antique Armour Boutique.
   672 | D        | Noticed an oklob plant
   673 | D        | Found Ogaph's Book Shoppe.
   687 | D        | Reached skill level 10 in Dodging
   687 | D        | Reached XP level 8. HP: 75/78 MP: 7/7
   694 | D        | Bought an embroidered hat for 203 gold pieces
   704 | D        | Bought a scroll of magic mapping for 42 gold pieces
   706 | D        | Noticed an iron elemental
   707 | D        | Bought a potion of degeneration for 13 gold pieces
   749 | D        | Bought a pair of glowing gloves for 187 gold pieces
   753 | D        | Bought a pair of glowing boots for 217 gold pieces
   758 | D        | Identified a +2 pair of boots of running (You bought it in
                  | a shop in the Dungeon)
   777 | D        | Noticed an elephant
   777 | D        | Noticed a centaur warrior
   777 | D        | Noticed Kirke
   777 | D        | Noticed a skeletal warrior
   777 | D        | Noticed a yaktaur captain
   777 | D        | Noticed a kobold demonologist
   778 | D        | Noticed a great orb of eyes
   787 | D        | Killed Kirke
   787 | D        | Reached skill level 16 in Axes
   787 | D        | Reached XP level 9. HP: 89/89 MP: 8/8
   798 | D        | Killed a yaktaur captain
   798 | D        | Reached skill level 17 in Axes
   799 | D        | Killed a great orb of eyes
   799 | D        | Reached skill level 18 in Axes
   799 | D        | Reached XP level 10. HP: 70/99 MP: 9/9
   808 | D        | Demolished by a skeletal warrior

Skill      XL: |  1  2  3  4  5  6  7  8  9 |
---------------+----------------------------+-----
Fighting       | 5 6 7 8 10 11 13 14 | 14.0
Axes           | 6 7 10 11 13 14 16 18 | 18.3
Dodging        | 3 4 6 7 8 10 11 12 | 12.8
Armour         | |  2.4

Action                   |  1- 3 |  4- 6 |  7- 9 | 10-12 || total
-------------------------+-------+-------+-------+-------++-------
Melee: Hand axe          |     5 |    11 |    57 |     9 ||    82
       Headbutt          |     1 |     2 |    19 |     1 ||    23
Invok: Berserk           |     1 |     1 |     1 |       ||     3
       Trog's Hand       |       |     1 |     1 |       ||     2
  Use: Scroll            |       |       |     1 |       ||     1
  Eat: Chunk             |       |       |     2 |       ||     2
Armor: Animal skin       |       |     1 |     2 |     1 ||     4
Dodge: Dodged            |     6 |     4 |    23 |     7 ||    40
